 Dungeon Crawl Stone Soup version 0.23-a0-358-g98c7a59 (webtiles) character file.

106 Cryolive the Digger (level 4, -1/24 HPs)
             Began as a Gargoyle Earth Elementalist on Oct 22, 2018.
             Slain by a worm (9 damage)
             ... on level 2 of the Dungeon.
             The game lasted 00:09:20 (1701 turns).

Cryolive the Digger (Gargoyle Earth Elementalist)   Turns: 1701, Time: 00:09:20

Health: -1/24      AC:  5    Str: 12    XL:     4   Next: 84%
Magic:  8/9        EV: 12    Int: 16    God:
Gold:   118        SH:  0    Dex: 10    Spells: 8/9 levels left

rFire    . . .     SeeInvis .   h - +0 mace
rCold    . . .     Gourm    .   (no shield)
rNeg     + . .     Faith    .   c - +0 robe
rPois    ∞         Spirit   .   (no helmet)
rElec    +         Reflect  .   (no cloak)
rCorr    .         Harm     .   (no gloves)
MR       .....                  (no boots)
Stlth    ++........             (no amulet)
HPRegen  0.08/turn              (no ring)
MPRegen  0.11/turn              (no ring)

@: no status effects
A: negative energy resistance 1, electricity resistance, unbreathing,
petrification resistance, rot immunity, AC +3
a: no special abilities


You were on level 2 of the Dungeon.
You were hungry.

You visited 1 branch of the dungeon, and saw 2 of its levels.

You collected 118 gold pieces.

Inventory:

Hand Weapons
 h - a +0 mace (weapon)
 i - a cursed -2 dagger
Missiles
 b - 41 stones (quivered)
Armour
 c - a +0 robe (worn)
Jewellery
 l - an uncursed ring of protection from cold {unknown}
 m - a cursed ring of attention {unknown}
Scrolls
 e - a scroll of enchant weapon {unknown}
 g - a scroll of enchant armour {unknown}
 j - 2 scrolls of remove curse {unknown}
Potions
 a - 3 potions of heal wounds {unknown}
 f - a potion of haste {unknown}
 n - a potion of resistance {unknown}
Comestibles
 d - 2 rations


   Skills:
 - Level 1.5 Dodging
 - Level 2.1 Stealth
 + Level 3.4 Spellcasting
   Level 0.7 Transmutations
 + Level 5.2 Earth Magic


You had 8 spell levels left.
You knew the following spells:

 Your Spells              Type           Power        Failure   Level  Hunger
a - Sandblast             Erth           ###...       1%          1    None

Your spell library contained the following spells:

 Spells                   Type           Power        Failure   Level  Hunger
 Passwall                 Tmut/Erth      ##......     8%          2    ##.....
 Stone Arrow              Conj/Erth      ##....       19%         3    ###....
 Petrify                  Tmut/Erth      ##......     45%         4    ####...
 Lee's Rapid Deconstruct  Erth           ###.......   50%         5    ######.


Dungeon Overview and Level Annotations

Branches:
Dungeon (2/15)

Altars:


Innate Abilities, Weirdness & Mutations

You are resistant to torment.
Your stone body is resilient. (AC +3)
You are immune to poison.
You resist negative energy. (rN+)
You are resistant to electric shocks. (rElec)
You can survive without breathing.
You are immune to petrification.
You are immune to rotting.


Message History

Tha worm be moderately wounded.
Tha worm bites ye but does nay damage.
Ye hit tha worm but do nay damage.
Tha worm be lightly wounded.
Tha worm bites ye.
Castin': Sandblast (safe; 1% risk o' failure) Confirm wit' . or Enter, or press ? or * ta list all spells.
Aimin': Sandblast (safe; 1% risk o' failure)
Press: ? - help, Shift-Dir - straight line, f - worm
Aim: a worm (lightly wounded) Tha blast o' sand hits tha worm.
Tha worm be severely wounded.
b - 41 stones Castin': Sandblast (safe; 1% risk o' failure) Confirm wit' . or Enter, or press ? or * ta list all spells.
Okay, than.
Ye hit tha worm.
Tha worm be almost dead.
Tha worm bites ye!
Ye die...

#..## #.# #...# #.#
#####...# #.# #.......#
#.# +.......# #.#
#....#'## #.# #.####.#
#.# #.# #w## #.# . #)#
#@.# #.# .# #######.#
##.# #.# ..###.....#.#
#.###.#
..#....##.#.#####..##.#
..#.......#.....##.##.#
..#.....#....##.##..#.#
........#))..##.###.#.#
.#......#....##.# #...#
#......#....+..# ##..#


You could see a worm.

Vanquished Creatures
  Natasha (D:1)
  3 adders (D:2)
  A worm (D:2)
  2 dart slugs (D:1)
  A ball python (D:2)
  6 giant cockroaches
  5 goblins
  10 hobgoblins
  2 jackals (D:1)
  4 bats
  4 frilled lizards
  3 kobolds
  3 rats
45 creatures vanquished.

Notes
Turn   | Place    | Note
-------+----------+-------------------------------------------
     0 | D:1      | Cryolive the Gargoyle Earth Elementalist began the quest
                  | for the Orb.
     0 | D:1      | Reached XP level 1. HP: 10/10 MP: 3/3
   303 | D:1      | Reached skill level 4 in Earth Magic
   303 | D:1      | Reached XP level 2. HP: 6/15 MP: 3/5
   726 | D:1      | Reached XP level 3. HP: 16/19 MP: 6/6
  1019 | D:2      | Noticed Natasha
  1033 | D:1      | Killed Natasha
  1033 | D:1      | Reached XP level 4. HP: 3/24 MP: 5/8
  1363 | D:2      | Reached skill level 5 in Earth Magic
  1701 | D:2      | Slain by a worm

Vault maps used:
D:1:      minmay_arrival_arboretum_small, minmay_misc_feat_more_columns,
          minmay_misc_feat_doors, nrook_uturn
D:2:      marbit_many_paths, uniq_natasha

Skill      XL: |  1  2  3  4 |
---------------+-------------+-----
Earth Magic    | 4 5 |  5.2
Spellcasting   | 3 |  3.4
Dodging        | |  1.5
Stealth        | |  2.1
Transmutations | |  0.7

Action                   |  1- 3 |  4- 6 || total
-------------------------+-------+-------++-------
Melee: Club              |    18 |       ||    18
       Unarmed           |     7 |       ||     7
       Mace              |    59 |    63 ||   122
 Cast: Sandblast         |     6 |    12 ||    18
 Stab: Sleeping          |     1 |       ||     1
  Eat: Chunk             |       |     2 ||     2
Armor: Robe              |    34 |    22 ||    56
Dodge: Dodged            |    60 |    64 ||   124

Table legend:
 A = Non-vault XP
 B = Vault XP
 C = Vault XP percentage of total XP
 D = Non-vault monster count
 E = Vault monster count
 F = Vault count percentage of total count
                 A         B        C        D         E       F
            +---------+---------+-------+---------+---------+-------
      Total |     116 |      36 |  23.7 |      44 |       1 |   2.2
            +---------+---------+-------+---------+---------+-------
        D:1 |      47 |      36 |  43.4 |      25 |       1 |   3.8
        D:2 |      69 |       0 |   0.0 |      19 |       0 |   0.0
            +---------+---------+-------+---------+---------+-------
